 Dungeon Crawl Stone Soup version 0.30-a0-972-gf3ab3527aa (webtiles) character file.

Game seed: 11233265076410225811

219 Demosthentine the Ducker (level 5, -4/42 HPs)
             Began as a Demonspawn Gladiator on Mar 31, 2023.
             Succumbed to an orc wizard's poison
             ... on level 3 of the Dungeon.
             The game lasted 00:02:48 (2419 turns).

Demosthentine the Ducker (Demonspawn Gladiator)     Turns: 2419, Time: 00:02:49

Health: -4/42      AC:  6    Str: 14 (16) XL:     5   Next: 63%
Magic:  5/5        EV: 12    Int:  8 (9)  God:
Gold:   226        SH:  0    Dex: 12 (15) Spells: 4/4 levels left

rFire   . . .      SeeInvis .    a - +0 trident
rCold   + . .      Faith    .    (no shield)
rNeg    . . .      Spirit   .    b - +0 leather armour
rPois   .          Reflect  .    c - +1 helmet
rElec   .          Rampage  .    (no cloak)
rCorr   .                        (no gloves)
Will    +....                    (no boots)
Stlth   +                        (no amulet)
HPRegen 0.27/turn                g - ring of protection from cold
MPRegen 0.09/turn                h - ring of willpower

@: confused, mighty, lethally poisoned (-4 -> -35)
A: rugged brown scales 1, demonic guardian 1
a: no special abilities


You were on level 3 of the Dungeon.
You visited 1 branch of the dungeon, and saw 3 of its levels.

You collected 226 gold pieces.

Inventory:

Hand Weapons
 a - a +0 trident (weapon)
Missiles
 d - 3 throwing nets (quivered)
 e - a javelin
Armour
 b - a +0 leather armour (worn)
 c - a +1 helmet (worn)
 s - a +0 buckler
Jewellery
 g - a ring of protection from cold (left hand)
 h - a ring of willpower (right hand)
Scrolls
 o - a scroll of identify
 q - 2 scrolls of teleportation {unknown}
Potions
 i - 2 potions of brilliance
 l - a potion of heal wounds {unknown}
 m - a potion of attraction {unknown}
 n - a potion of lignification {unknown}
 p - a potion of mutation {unknown}
 r - a potion of cancellation {unknown}


   Skills:
 + Level 3.3 Fighting
 + Level 3.7 Polearms
 - Level 1.7 Throwing
 + Level 2.2 Armour
 + Level 3.7 Dodging
 + Level 0.2 Shields


You had 4 spell levels left.
You didn't know any spells.
Your spell library contained the following spells:

 Spells                   Type           Power      Damage    Failure   Level
 Kiss of Death            Conj/Necr      0%         2d5       47%         1
 Static Discharge         Conj/Air       0%         2-2/arc   63%         2
 Confusing Touch          Hex            0%         N/A       85%         3
 Vhi's Electric Charge    Tloc/Air       0%         N/A       85%         3
 Dispel Undead            Necr           0%         3d6       99%         4
 Arcjolt                  Conj/Air       0%         1d10      100%        5
 Plasma Beam              Fire/Air       0%         2x1d7     100%        5


Dungeon Overview and Level Annotations

Branches:
Dungeon (3/15)

Altars:


Innate Abilities, Weirdness & Mutations

You are partially covered in rugged brown scales. (AC +1, +3% HP)
A weak demonic guardian rushes to your aid.


Message History

A magic dart appears from out of thin air!
The magic dart hits you. Something you can't see is in the way.
You puncture something!
You feel very sick.
You hear some strange, mumbled words.
You are confused.
You are too confused!
You are too confused!
You are too confused!
You are too confused!
Okay, then.
You bump into the stone wall.
You feel sick. Something hits you but does no damage.
You are more poisoned.
The orc wizard gestures at you while chanting.
It was a potion of magic.
Magic courses through your body.
You feel very sick. Something hits you but does no damage.
You are lethally poisoned!
It was a potion of might.
You feel very mighty all of a sudden.
You feel very sick. Something barely misses you.
You bump into the rock wall.
* * * LOW HITPOINT WARNING * * *
You feel very sick. Something hits you.
* * * LOW HITPOINT WARNING * * *
You are more poisoned.
You bump into the stone wall.
* * * LOW HITPOINT WARNING * * *
You feel very sick. Something hits you.
* * * LOW HITPOINT WARNING * * *
A demonic guardian appears!
You are more poisoned.
It was a potion of degeneration.
There was something very wrong with that liquid.
You feel weakened.
You feel dopey.
You feel clumsy.
You die...

.# .. ##...#.#.##..####
# ..
................######
.......................
####..#...##...........
##...#...##..#####.###
#....#...##).# #.#
#...o#...##..# #.#
##'#{#...##..### #.#
##.##@.........# #.#
##.o)##5...#..### #.#
#.....##.......# #.#
#.).8...######### #.#
............
.....8...8....
##.............#
###....⌠....###
...........


You could see an orc wizard (ally target) and a friendly quasit (summoned).

Vanquished Creatures
  A phantom (D:2)
  Jessica (D:3)
  3 adders (D:3)
  3 worms
  A dart slug (D:1)
  2 orcs (D:3)
  3 ball pythons
  6 bats
  5 endoplasms
  2 giant cockroaches
  4 goblins
  3 hobgoblins
  7 jackals (D:1)
  4 quokkas
  4 kobolds
  4 rats
53 creatures vanquished.

Vanquished Creatures (collateral kills)
  Terence (D:2)
  A giant cockroach (D:2)
2 creatures vanquished.

Grand Total: 55 creatures vanquished

Notes
Turn   | Place    | Note
-------+----------+-------------------------------------------
     0 | D:1      | Demosthentine the Demonspawn Gladiator began the quest for
                  | the Orb.
     0 | D:1      | Reached XP level 1. HP: 16/16 MP: 1/1
   117 | D:1      | Gained mutation: A weak demonic guardian rushes to your
                  | aid. [demonic ancestry]
   117 | D:1      | Reached XP level 2. HP: 22/22 MP: 2/2
   676 | D:1      | Reached skill level 1 in Armour
   700 | D:1      | Reached XP level 3. HP: 16/28 MP: 3/3
   961 | D:2      | Noticed Terence
   974 | D:2      | Killed Terence
  1243 | D:2      | Gained mutation: You are partially covered in rugged brown
                  | scales. (AC +1, +3% HP) [demonic ancestry]
  1243 | D:2      | Reached XP level 4. HP: 28/35 MP: 4/4
  1609 | D:2      | Noticed a phantom
  1630 | D:2      | Killed a phantom
  1631 | D:2      | Reached XP level 5. HP: 20/42 MP: 5/5
  2000 | D:3      | Noticed Jessica
  2007 | D:3      | Killed Jessica
  2419 | D:3      | Succumbed to an orc wizard's poison

Illustrated notes

Levels and vault maps discovered:
D:1:      scummos_arrival_hexagon, layout_loops_corners
D:2:      layout_loops_ring, hangedman_decor_push, dk_vineyard_1, uniq_terence
D:3:      minmay_chambers_of_twos, layout_basic,
          minmay_overflow_temple_star_hex, serial_forest,
          infiniplex_forest_end_1, infiniplex_forest_straight_5,
          infiniplex_forest_clump_small, infiniplex_forest_straight_2,
          infiniplex_forest_clump_tiny, infiniplex_forest_clump_medium,
          infiniplex_forest_lined_2, patterned_corridor, uniq_jessica

Skill      XL: |  1  2  3  4  5 |
---------------+----------------+-----
Dodging        | 3 |  3.7
Polearms       | 3 |  3.7
Armour         | 1 2 |  2.2
Fighting       | 3 |  3.3
Throwing       | |  1.7
Shields        | |  0.2

Action                     |  1- 3 |  4- 6 || total
---------------------------+-------+-------++-------
  Melee: Trident           |   112 |    99 ||   211
         Punch             |       |     1 ||     1
    Use: Scroll            |     4 |       ||     4
         Potion            |       |     4 ||     4
   Stab: Sleeping          |     5 |     1 ||     6
 Armour: Leather armour    |    20 |    35 ||    55
  Dodge: Dodged            |    64 |    55 ||   119

Table legend: (Time is in decaauts)
 A = Elapsed time spent in this place.
 B = Non-inter-level travel time spent in this place.
 C = Inter-level travel time spent in this place.
 D = Time resting spent in this place.
 E = Time spent auto-exploring this place.
 F = Levels seen in this place.
 G = Mean time per level.
                   A        B        C        D        E       F      G
               +--------+--------+--------+--------+--------+-----+--------+
         Total |   2452 |   2381 |     71 |     23 |   1941 |   3 |  817.3 |
       Dungeon |   2452 |   2381 |     71 |     23 |   1941 |   3 |  817.3 |
               +--------+--------+--------+--------+--------+-----+--------+

Top non-repeatable levels by time:
     D:2: 1031 daAuts
     D:1: 962 daAuts
     D:3: 457 daAuts
